 Dungeon Crawl Stone Soup version 0.30-a0-570-g486de37d69 (webtiles) character file.

Game seed: 10102608763881569324

451 MackTheKnife the Sneak (level 7, 0/41 HPs)
             Began as an Octopode Hedge Wizard on Dec 29, 2022.
             Shot with an arrow by a centaur (13 damage)
             ... on level 4 of the Dungeon.
             The game lasted 00:10:07 (3908 turns).

MackTheKnife the Sneak (Octopode Hedge Wizard)      Turns: 3908, Time: 00:10:08

Health: 0/41       AC:  1    Str:  9    XL:     7   Next: 4%
Magic:  6/14       EV: 13    Int: 18    God:
Gold:   210        SH:  0    Dex: 12    Spells: 7/15 levels left

rFire   . . .      SeeInvis .    m - +4 dagger (venom) {short}
rCold   . . .      Faith    .    (no shield)
rNeg    + . .      Spirit   .    b - +0 hat
rPois   .          Reflect  .    (no amulet)
rElec   .          Harm     .    k - ring of positive energy
rCorr   .          Rampage  .    n - ring of willpower
Will    +....                    (no ring)
Stlth   ++++                     (no ring)
HPRegen 0.26/turn                (no ring)
MPRegen 0.14/turn                (no ring)
                                 (no ring)
                                 (no ring)

@: no status effects
A: almost no armour, amphibious, 8 rings, camouflage 1, gelatinous body 1,
(nimble swimmer 1), tentacles
a: no special abilities


You were on level 4 of the Dungeon.
You visited 1 branch of the dungeon, and saw 4 of its levels.

You collected 210 gold pieces.


Innate Abilities, Weirdness & Mutations

You cannot wear most types of armour.
You are amphibious.
You can wear up to eight rings at the same time.
Your skin changes colour to match your surroundings (Stealth+).
Your rubbery body absorbs attacks. (AC +1, EV +1)
((You are camouflaged when in or above water. (Stealth+)))
You have tentacles for arms and can constrict up to eight enemies at once.


   Skills:
 - Level 2.0 Dodging
 - Level 6.0 Stealth
 + Level 4.7 Spellcasting
 - Level 3.8 Conjurations
 - Level 1.4 Summonings
 - Level 1.0 Translocations
 + Level 0.9 Air Magic
 + Level 1.1 Poison Magic


You had 7 spell levels left.
You knew the following spells:

 Your Spells              Type           Power      Damage    Failure   Level
a - Magic Dart            Conj           68%        1d6       3%          1
b - Call Imp              Summ           9%         N/A       11%         2
c - Blink                 Tloc           14%        N/A       14%         2
d - Mephitic Cloud        Conj/Pois/Air  11%        N/A       19%         3

Your spell library contained the following spells:

 Spells                   Type           Power      Damage    Failure   Level
 Slow                     Hex            16%        N/A       14%         1
 Cigotuvi's Dreadful Rot  Necr/Pois/Air  12%        N/A       16%         2

Inventory:

Hand Weapons
 m - a +4 dagger of venom (weapon) {short}
   (You took it off a goblin on level 3 of the Dungeon)
Armour
 b - a +0 hat (worn)
Jewellery
 f - a ring of ice
   (You found it on level 1 of the Dungeon)
 k - a ring of positive energy (left tentacle)
   (You found it on level 2 of the Dungeon)
 n - a ring of willpower (right tentacle)
   (You found it on level 4 of the Dungeon)
Wands
 a - a wand of flame (19)
   (You took it off Ijyb on level 3 of the Dungeon)
Scrolls
 d - a scroll of vulnerability {unknown}
 e - 2 scrolls of amnesia
 l - a scroll of immolation {unknown}
 o - a scroll of blinking {!r}
Potions
 c - 2 potions of magic
 g - a potion of curing {@q1}
 h - 2 potions of haste {@q3}
 i - a potion of cancellation
 j - a potion of flight

Dungeon Overview and Level Annotations

Branches:
Dungeon (4/15) Zot: 20101
 Temple: D:4-7

Altars:
Nemelex Xobeh
Qazlal
Trog
Wu Jian
Zin

Shops:
D:2 =:

Annotations:
D:3 Edmund
D:4 Sigmund

#..##### ##.........###.....
#...#..# #..........###.....
##......####...........##.....
###.....#..#.............#......
##....>.##..........#.......#.#..
.......####.....#...##...#####..#
.....#.##......##...#....#####..#
##...##..###......c...#.##.#....
#.......##....@.###..#.........
#...#####......## #####.....##.
#..†# #.......######.....## .
##..#####..................#...
###.#.##..............<).......
##.................#............
#.................##..........##
##.............................
#.................(###.##...).


You could see a centaur.


Message History

Aim: a centaur, wielding a +0 shortbow (lightly wounded, ally target, 81% to hit)
The puff of flame hits the centaur but does no damage.
The centaur shoots an arrow.
The arrow closely misses you.
Press: ? - help, v - describe, . - travel
Here: a centaur, wielding a +0 shortbow (ally target)
The floor.
Unknown command.
Okay, then.
Casting: Call Imp (safe; 11% risk of failure)
Confirm with . or Enter, or press ? or * to list all spells.
Okay, then.
Unknown command.
Casting: Call Imp (safe; 11% risk of failure)
Confirm with . or Enter, or press ? or * to list all spells.
Aiming: Magic Dart (safe; 3% risk of failure)
Press: ? - help, Shift-Dir - straight line, f/p - centaur
Aim: a centaur, wielding a +0 shortbow (ally target, 100% to hit)
The magic dart hits the centaur.
Your crimson imp disappears in a puff of smoke!
The centaur shoots an arrow.
The arrow misses you.
The centaur shoots an arrow.
The arrow barely misses you. 😎 MP[-1]
You lost 1 mp, and now have 13/14 mp.
Casting: Magic Dart (safe; 3% risk of failure)
Confirm with . or Enter, or press ? or * to list all spells.
Aiming: Magic Dart (safe; 3% risk of failure)
Press: ? - help, Shift-Dir - straight line, f/p - centaur
Aim: a centaur, wielding a +0 shortbow (moderately wounded, 100% to hit)
The magic dart hits the centaur.
The centaur shoots an arrow.
The arrow closely misses you. 😎 MP[-1]
You lost 1 mp, and now have 12/14 mp.
Casting: Magic Dart (safe; 3% risk of failure)
Confirm with . or Enter, or press ? or * to list all spells.
Aiming: Magic Dart (safe; 3% risk of failure)
Press: ? - help, Shift-Dir - straight line, f/p - centaur
Aim: a centaur, wielding a +0 shortbow (moderately wounded, 100% to hit)
The magic dart hits the centaur but does no damage.
The centaur shoots an arrow.
The arrow closely misses you.
The centaur shoots an arrow.
The arrow hits you! 😕 HP[-10] MP[-1]
You take 10 damage, and now have 31/41 hp.
MASSIVE DAMAGE!! (PAUSE)
You lost 1 mp, and now have 11/14 mp.
Casting: Magic Dart (safe; 3% risk of failure)
Confirm with . or Enter, or press ? or * to list all spells.
Aiming: Magic Dart (safe; 3% risk of failure)
Press: ? - help, Shift-Dir - straight line, f/p - centaur
Aim: a centaur, wielding a +0 shortbow (moderately wounded, 100% to hit)
The magic dart hits the centaur.
The centaur shoots an arrow.
The arrow barely misses you. 😕 MP[-1]
You lost 1 mp, and now have 10/14 mp.
Casting: Magic Dart (safe; 3% risk of failure)
Confirm with . or Enter, or press ? or * to list all spells.
Aiming: Magic Dart (safe; 3% risk of failure)
Press: ? - help, Shift-Dir - straight line, f/p - centaur
Aim: a centaur, wielding a +0 shortbow (moderately wounded, 100% to hit)
The magic dart hits the centaur.
The centaur shoots an arrow.
The arrow closely misses you. 😕 MP[-1]
You lost 1 mp, and now have 9/14 mp.
Casting: Magic Dart (safe; 3% risk of failure)
Confirm with . or Enter, or press ? or * to list all spells.
Aiming: Magic Dart (safe; 3% risk of failure)
Press: ? - help, Shift-Dir - straight line, f/p - centaur
Aim: a centaur, wielding a +0 shortbow (heavily wounded, 100% to hit)
The magic dart hits the centaur.
The centaur shoots an arrow.
The arrow misses you. 😕 MP[-1]
You lost 1 mp, and now have 8/14 mp.
Casting: Magic Dart (safe; 3% risk of failure)
Confirm with . or Enter, or press ? or * to list all spells.
Aiming: Magic Dart (safe; 3% risk of failure)
Press: ? - help, Shift-Dir - straight line, f/p - centaur
Aim: a centaur, wielding a +0 shortbow (severely wounded, 100% to hit)
The magic dart hits the centaur.
The centaur shoots an arrow.
The arrow hits you!
The centaur shoots an arrow.
The arrow closely misses you. 😮 HP[-6]
You take 6 damage, and now have 25/41 hp.
Casting: Magic Dart (safe; 3% risk of failure)
Confirm with . or Enter, or press ? or * to list all spells.
Aiming: Magic Dart (safe; 3% risk of failure)
Press: ? - help, Shift-Dir - straight line, f/p - centaur
Aim: a centaur, wielding a +0 shortbow (almost dead, 100% to hit)
The magic dart hits the centaur but does no damage.
The centaur shoots an arrow.
The arrow hits you!
* * * LOW HITPOINT WARNING * * *
😨 HP[-12] MP[-1]
You take 12 damage, and now have 13/41 hp.
MASSIVE DAMAGE!! (PAUSE)
You lost 1 mp, and now have 7/14 mp.
Casting: Magic Dart (safe; 3% risk of failure)
Confirm with . or Enter, or press ? or * to list all spells.
Aiming: Magic Dart (safe; 3% risk of failure)
Press: ? - help, Shift-Dir - straight line, f/p - centaur
Aim: a centaur, wielding a +0 shortbow (almost dead, 100% to hit)
The magic dart hits the centaur but does no damage.
The centaur shoots an arrow.
The arrow hits you!
You die...

Skill      XL: |  1  2  3  4  5  6 |
---------------+-------------------+-----
Stealth        | 3 4 5 6 |  6.0
Conjurations   | 3 |  3.8
Spellcasting   | 4 |  4.7
Poison Magic   | 1 |  1.1
Dodging        | |  2.0
Summonings     | |  1.4
Translocations | |  1.0
Air Magic      | |  0.9

Action                   |  1- 3 |  4- 6 |  7- 9 || total
-------------------------+-------+-------+-------++-------
Melee: Dagger            |    28 |    45 |       ||    73
       Constrict         |     8 |    13 |       ||    21
       Tentacles         |     6 |    12 |       ||    18
       Punch             |       |     1 |       ||     1
 Cast: Magic Dart        |    72 |    10 |     9 ||    91
       Call Imp          |     1 |     4 |     1 ||     6
       Blink             |       |     1 |       ||     1
Evoke: Wand              |       |     1 |     1 ||     2
  Use: Potion            |       |     3 |       ||     3
       Scroll            |       |     4 |       ||     4
 Stab: Sleeping          |     2 |    12 |       ||    14
Armor: Skin              |     2 |     1 |       ||     3
Dodge: Dodged            |    23 |    20 |    12 ||    55

Levels and vault maps discovered:
D:1:      roderic_crossed_star, layout_basic
D:2:      minmay_wonky_spiral, layout_rooms, basic_altar, serial_shops, shop,
          shop
D:3:      mumra_celtic_spiral_tile, layout_rooms, zin_academy,
          grunt_qazlal_clouds, nicolae_wu_jian_wuxing_cycle, roderic_lattice_a,
          chequers_serial_rivers_large_b, minmay_pentomino_pile, uniq_ijyb
D:4:      layout_cave_pools, nicolae_overflow_crystal_walls, uniq_sigmund,
          uniq_edmund, uniq_blork_the_orc

Notes
Turn   | Place    | Note
-------+----------+-------------------------------------------
     0 | D:1      | MackTheKnife the Octopode Hedge Wizard began the quest for
                  | the Orb.
     0 | D:1      | Reached XP level 1. HP: 11/11 MP: 4/4
     0 | D:1      | magus.rc [v1.9.6]
    59 | D:1      | Reached skill level 3 in Stealth
   374 | D:1      | Reached XP level 2. HP: 16/17 MP: 1/6
   605 | D:1      | Reached skill level 4 in Stealth
   654 | D:2      | Learned a level 2 spell: Call Imp
   753 | D:2      | Reached XP level 3. HP: 18/21 MP: 1/7
   826 | D:2      | Found a sparkling altar of Nemelex Xobeh.
   885 | D:2      | Reached skill level 5 in Stealth
  1039 | D:2      | Found Onysaim's Jewellery Boutique.
  1423 | D:2      | Found Etemuw's Book Shoppe.
  1495 | D:2      | Learned a level 2 spell: Blink
  1645 | D:3      | Found an ornate altar of the Wu Jian Council.
  1903 | D:3      | Found a stormy altar of Qazlal.
  1904 | D:3      | Noticed Ijyb
  1915 | D:3      | Killed Ijyb
  1916 | D:3      | Reached XP level 4. HP: 22/27 MP: 2/8
  1983 | D:3      | Found a glowing silver altar of Zin.
  2046 | D:3      | Noticed a black bear
  2108 | D:3      | magus.rc [v1.9.6]
  2943 | D:4      | Found a bloodstained altar of Trog.
  2944 | D:4      | magus.rc [v1.9.6]
  2957 | D:4      | Noticed a kobold brigand
  2965 | D:4      | Noticed a centaur
  2967 | D:4      | HP: 4/27 [centaur/arrow (8)]
  2973 | D:4      | HP: 4/27 [adder (1)]
  2976 | D:3      | HP: 1/27 [poisoned by an adder]
  3068 | D:3      | Reached skill level 6 in Stealth
  3068 | D:3      | Reached XP level 5. HP: 28/31 MP: 10/10
  3080 | D:4      | Noticed Sigmund
  3081 | D:4      | magus.rc [v1.9.6]
  3089 | D:3      | magus.rc [v1.9.6]
  3114 | D:3      | Reached skill level 2 in Conjurations
  3122 | D:4      | Noticed Edmund
  3240 | D:3      | Killed a black bear
  3241 | D:3      | Reached skill level 4 in Spellcasting
  3241 | D:3      | Reached skill level 3 in Conjurations
  3241 | D:3      | Reached XP level 6. HP: 30/36 MP: 10/12
  3739 | D:4      | Learned a level 3 spell: Mephitic Cloud
  3801 | D:4      | Noticed Blork the orc
  3810 | D:4      | Killed Blork the orc
  3811 | D:4      | Reached skill level 1 in Poison Magic
  3811 | D:4      | Reached XP level 7. HP: 27/41 MP: 10/14
  3908 | D:4      | Shot with an arrow by a centaur

Vanquished Creatures
  A black bear (D:3)
  Blork the orc (D:4)
  A scorpion (D:4)
  Ijyb (D:3)
  3 gnolls (D:3)
  5 adders
  A worm (D:4)
  A dart slug (D:2)
  4 orcs (D:3)
  7 bats
  5 endoplasms
  5 giant cockroaches
  5 goblins
  4 hobgoblins
  3 kobolds
  5 quokkas
  4 ball pythons
  3 frilled lizards
  3 rats
62 creatures vanquished.

Vanquished Creatures (collateral kills)
  A kobold brigand (D:4)
  An orc (D:4)
  An endoplasm (D:4)
3 creatures vanquished.

Grand Total: 65 creatures vanquished

Table legend:
 A = Non-vault XP
 B = Vault XP
 C = Vault XP percentage of total XP
 D = Non-vault monster count
 E = Vault monster count
 F = Vault count percentage of total count
                 A         B        C        D         E       F
            +---------+---------+-------+---------+---------+-------
      Total |     481 |     164 |  25.4 |      55 |      10 |  15.4
            +---------+---------+-------+---------+---------+-------
        D:1 |      14 |       0 |   0.0 |       9 |       0 |   0.0
        D:2 |      44 |      12 |  21.4 |      13 |       5 |  27.8
        D:3 |     217 |      53 |  19.6 |      24 |       4 |  14.3
        D:4 |     206 |      99 |  32.5 |       9 |       1 |  10.0
            +---------+---------+-------+---------+---------+-------

Illustrated notes

Table legend:
 A = Kills in this place as a percentage of kills in entire the game.
 B = Kills by you in this place as a percentage of kills by you in the entire game.
 C = Kills by friends in this place as a percentage of kills by friends in the entire game.
 D = Other kills in this place as a percentage of other kills in the entire game.
 E = Experience gained in this place as a percentage of experience gained in the entire game.
 F = Experience gained in this place divided by the number of levels of this place that you have seen.
                   A       B       C       D       E      F
               +-------+-------+-------+-------+-------+----------------------
         Total | 100.0 | 100.0 | 100.0 |   N/A | 100.0 | 161.2
       Dungeon | 100.0 | 100.0 | 100.0 |   N/A | 100.0 | 161.2
               +-------+-------+-------+-------+-------+----------------------

Table legend: (Time is in decaauts)
 A = Elapsed time spent in this place.
 B = Non-inter-level travel time spent in this place.
 C = Inter-level travel time spent in this place.
 D = Time resting spent in this place.
 E = Time spent auto-exploring this place.
 F = Levels seen in this place.
 G = Mean time per level.
                   A        B        C        D        E       F      G
               +--------+--------+--------+--------+--------+-----+--------+
         Total |   3897 |   3789 |    108 |    593 |   2617 |   4 |  974.2 |
       Dungeon |   3897 |   3789 |    108 |    593 |   2617 |   4 |  974.2 |
               +--------+--------+--------+--------+--------+-----+--------+

Top non-repeatable levels by time:
     D:3: 1780 daAuts
     D:2: 1039 daAuts
     D:1: 648 daAuts
     D:4: 429 daAuts
